 Dungeon Crawl Stone Soup version 0.31.0-11-ge490571c62 (webtiles) character file.

Game seed: 13206432316793018492

52759 stipulation the Dealer of Despair (level 14, -11/63 HPs)
             Began as a Vine Stalker Necromancer on Jan 28, 2024.
             Was an Elder of Kikubaaqudgha.
             Mangled by a two-headed ogre
             ... wielding a +0 giant club
              (25 damage)
             ... on level 2 of the Orcish Mines on Jan 29, 2024.
             The game lasted 01:05:57 (24166 turns).

stipulation the Dealer of Despair (VSNe)           Turns: 24166, Time: 01:05:57

Health: -11/63     AC:  8    Str: 12    XL:     14   Next: 65%
Magic:  0/33       EV: 18    Int: 25    God:    Kikubaaqudgha [****..]
Gold:   1048       SH:  0    Dex: 15    Spells: 10/41 levels left

rFire   . . .        y - +2 dagger (venom)
rCold   . . .        (no shield)
rNeg    . . .        a - +0 robe
rPois   .            f - +1 helmet
rElec   .            (no cloak)
rCorr   .            z - +0 pair of gloves
SInv    .            Q - +2 pair of boots
Will    +....        i - amulet of faith
Stlth   ++           F - ring "Vorax" {Int+6 Slay+2}
HPRegen 1.10/turn    C - +5 ring of evasion
MPRegen 0.23/turn

%: guardian spirit, faith
@: animating dead
A: fangs 3, regeneration 1, magic shield, antimagic bite, no potion heal 2
a: Renounce Religion, Unearth Wretches


You were on level 2 of the Orcish Mines.
You worshipped Kikubaaqudgha.
Kikubaaqudgha was greatly pleased with you.
You visited 4 branches of the dungeon, and saw 19 of its levels.
You also visited: Gauntlet.

You collected 1048 gold pieces.

Inventory:

Hand Weapons
 y - a +2 dagger of venom (weapon)
Armour
 a - a +0 robe (worn)
 f - a +1 helmet (worn)
 z - a +0 pair of gloves (worn)
 Q - a +2 pair of boots (worn)
Jewellery
 c - a +6 ring of intelligence
 i - an amulet of faith (around neck)
 p - a ring of see invisible
 u - an amulet of regeneration
 w - a ring of poison resistance
 A - a ring of fire
 C - a +5 ring of evasion (right hand)
 F - the ring "Vorax" (left hand) {Int+6 Slay+2}
   (You found it on level 5 of the Lair of Beasts)

   [ring of intelligence]

   Int+6:     It affects your intelligence (+6).
   Slay+2:    It affects your accuracy & damage with ranged weapons and melee
   (+2).
 I - a ring of protection from fire
Wands
 b - a wand of flame (32)
 g - a wand of digging (3)
 t - a wand of roots (14)
 G - a wand of paralysis (2)
 O - a wand of mindburst (7)
Scrolls
 e - 2 scrolls of noise
 j - a scroll of enchant weapon
 k - 3 scrolls of teleportation
 n - 5 scrolls of vulnerability
 o - a scroll of immolation
 x - 3 scrolls of amnesia
 L - a scroll of brand weapon {unknown}
 M - a scroll of torment {unknown}
 N - 3 scrolls of identify
 P - a scroll of enchant armour
Potions
 d - a potion of cancellation
 h - a potion of resistance
 l - 2 potions of might
 m - 3 potions of curing
 q - a potion of brilliance {unknown}
 r - 2 potions of lignification {unknown}
 v - 2 potions of ambrosia
 B - 3 potions of enlightenment
 D - a potion of berserk rage {unknown}
 H - a potion of magic
 J - 2 potions of attraction {unknown}
Miscellaneous
 E - a phantom mirror
 K - a sack of spiders


   Skills:
 - Level 2.0 Fighting
 + Level 5.1 Short Blades
 + Level 3.2 Dodging
 - Level 2.4 Stealth
 + Level 14.4 Spellcasting
 - Level 4.0 Hexes
 - Level 4.0 Summonings
 * Level 17.9 Necromancy
 - Level 6.0 Evocations


You had 10 spell levels left.
You knew the following spells:

 Your Spells              Type           Power      Damage    Failure   Level
a - Necrotise             Necr           100%       1d9       0%          1
b - Vampiric Draining     Necr           82%        2d11      0%          3
c - Animate Dead          Necr           82%        N/A       1%          4
d - Sublimation of Blood  Necr           82%        N/A       0%          2
e - Anguish               Hex/Necr       32%        N/A       1%          4
f - Death Channel         Necr           41%        N/A       1%          6
g - Dispel Undead         Necr           82%        3d27      1%          4
h - Martyr's Knell        Necr/Summ      64%        N/A       1%          4
i - Fugue of the Fallen   Necr           82%        N/A       0%          3

Your spell library contained the following spells:

 Spells                   Type           Power      Damage    Failure   Level
 Kiss of Death            Conj/Necr      100%       2d13      1%          1
 Ensorcelled Hibernation  Hex/Ice        56%        N/A       1%          2
 Jinxbite                 Hex            76%        N/A       1%          2
 Confusing Touch          Hex            38%        N/A       1%          3
 Tukima's Dance           Hex            38%        N/A       1%          3
 Curse of Agony           Necr           82%        N/A       1%          5
 Borgnjor's Vile Clutch   Necr/Erth      29%        N/A       2%          5
 Apportation              Tloc           36%        N/A       3%          1
 Dazzling Flash           Conj/Hex       56%        N/A       4%          3
 Frozen Ramparts          Ice            36%        1d6       10%         3
 Mephitic Cloud           Conj/Alch/Air  18%        N/A       10%         3
 Infestation              Necr           41%        N/A       13%         8
 Leda's Liquefaction      Alch/Erth      9%         N/A       30%         4
 Passage of Golubria      Tloc           18%        N/A       30%         4
 Petrify                  Alch/Erth      18%        N/A       30%         4
 Vhi's Electric Charge    Tloc/Air       36%        N/A       30%         4
 Haunt                    Necr/Summ      32%        N/A       30%         7
 Metabolic Englaciation   Hex/Ice        14%        N/A       36%         5
 Silence                  Hex/Air        14%        N/A       36%         5
 Yara's Violent Unravell  Hex/Alch       14%        3d7       36%         5
 Alistair's Intoxication  Alch           12%        N/A       65%         5
 Arcjolt                  Conj/Air       9%         1d19      65%         5
 Maxwell's Capacitive Co  Air            9%         ∞         100%        8


Dungeon Overview and Level Annotations

Branches:
Dungeon (11/15)            Temple (1/1) D:4            Lair (5/5) D:10
  Swamp (0/4) Lair:2       Spider (0/4) Lair:3        Slime (0/5) Lair:4
    Orc (2/2) D:11            Elf (0/3) Orc:2       Gauntlet (visited)

Altars:
Ashenzari
Cheibriados
Dithmenos
Elyvilon
Fedhas
Gozag
Hepliaklqana
Kikubaaqudgha
Makhleb
Nemelex Xobeh
Okawaru
Qazlal
Ru
Sif Muna
Trog
Uskayaw
Vehumet
Wu Jian
Xom
Yredelemnul
Zin
The Shining One
Jiyva
Lugonu

Shops:
D:2 (

Portals:
Abyss: Lair:5

Annotations:
D:8 3 runed translucent doors, jestert79's ghost, journeyman GnWn


Innate Abilities, Weirdness & Mutations

You have razor-sharp teeth.
Your natural rate of healing is unusually fast.
When hurt, damage is shared between your health and your magic reserves.
Your bite disrupts and absorbs the magic of your enemies.
Potions cannot restore your health.


Message History

The orc warrior hits you with a +0 flail!
* * * LOW HITPOINT WARNING * * *
The two-headed ogre is engulfed in poison gas.
The two-headed ogre is poisoned.
The two-headed ogre barely misses you. The two-headed ogre closely misses you.
The ogre is engulfed in poison gas.
The ogre is poisoned.
The ogre hits your orc sorcerer zombie with a +0 giant club!!
The orc high priest is engulfed in poison gas.
The orc high priest looks even sicker.
The orc high priest prays to Beogh.
The orc sorcerer casts a spell.
An orc comes into view. It is wielding a +0 hand axe.
The orc warrior is engulfed in poison gas.
The orc warrior is poisoned.
The orc wizard casts a spell.
The orc wizard flickers and vanishes!
Casting: Animate Dead (safe; 1% risk of failure)
Confirm with . or Enter, or press ? or * to list all spells.
Aiming: Vampiric Draining (safe; 0% risk of failure)
Press: ? - help, Shift-Dir - straight line, f - two-headed ogre
Aim: a two-headed ogre, wielding a +0 giant club and a +0 giant spiked club You draw life force from the two-headed ogre!
You feel life coursing into your body.
The two-headed ogre is engulfed in poison gas.
The two-headed ogre looks even sicker.
Something hits you.
* * * LOW HITPOINT WARNING * * *
The orc high priest is engulfed in poison gas.
The orc high priest looks even sicker.
The orc warrior is healed somewhat.
The orc warrior is engulfed in poison gas.
The orc warrior looks even sicker.
The two-headed ogre is engulfed in poison gas.
The two-headed ogre looks even sicker. x2
The orcs go into a battle-frenzy!
The orc warlord is engulfed in poison gas.
The orc warlord is poisoned.
Your orc warrior zombie hits the orc warrior.
Your orc sorcerer zombie hits the ogre but does no damage.
The ogre is engulfed in poison gas.
The ogre looks even sicker.
The two-headed ogre hits you with a +0 giant club!!
You die...
Kikubaaqudgha rasps: "You have failed me!
Welcome... death!"

#.........) §§§§§§§§#
#.........$ §§§§§§§
.........)) #§§§§§§
.....#..... #§§§§§#
##........ #8§§§8#
#........ #§§§Z§#
#........ #§§§§§#
##........ #§§{@§#
#......... #o§§§§§OO4§§#
..........
##§§§§§§oo4#####...#....
§§§§§§§O§ZZ§§8..........
§§§o§O§OZ§.§4{§...#.....
§§§§Oo3o§§§§§§§.........
§§§§O.ooo§§§§oo.........
§§§§o§§§.§§§§8§Z##.4....
##§Z)§§...


You could see an orc warlord (strong, poisoned), a soul eater (summoned), an orc
high priest (very poisoned), 5 two-headed ogres, an orange demon (summoned), a
hellwing (summoned), an ice devil (summoned), 2 orc sorcerers, 2 orc warriors, 2
ogres, an orc priest (strong), 4 orc wizards, an orc (strong), 3 friendly orc
warrior zombies and a friendly orc sorcerer zombie.

Vanquished Creatures
  A hydra (Lair:4)
  2 two-headed ogres
  A boulder beetle (Lair:3)
  A thrashing horror (Lair:5)
  An orc knight (Orc:2)
  An ugly thing (Lair:5)
  A deep elf pyromancer (D:9)
  An orc sorcerer (Orc:2)
  A cyclops (Orc:2)
  2 manticores (D:11)
  10 elephants
  3 black mambas
  3 kobold blastminers (Orc:2)
  2 torpor snails
  6 cane toads
  6 komodo dragons
  An unseen horror (D:11)
  3 trolls
  6 blink frogs
  A dream sheep (Lair:2)
  A shadow (D:11)
  2 small abominations (Lair:5)
  A wyvern (Lair:2)
  19 yaks
  A warg (Orc:2)
  3 basilisks
  A chaos spawn (Lair:5)
  Menkaure (D:7)
  3 vampire mosquitoes (D:11)
  An acid dragon (D:11)
  11 water moccasins
  2 ice beasts
  15 orc warriors
  2 black bears (D:7)
  2 ogres
  8 wolves (Lair:2)
  2 centaurs (D:9)
  2 phantoms
  A kobold brigand (D:9)
  15 bullfrogs
  2 gnoll sergeants (D:10)
  7 scorpions
  3 killer bees (D:7)
  An electric eel (Lair:5)
  7 howler monkeys
  A bombardier beetle (D:4)
  3 jellies
  6 orc priests
  3 hounds
  A sleepcap (D:8)
  3 iguanas
  7 orc wizards
  11 gnolls
  8 adders
  A white imp (D:7)
  4 ufetubi (D:4)
  2 dart slugs
  3 ribbon worms
  26 orcs
  3 endoplasms
  2 giant cockroaches
  6 hobgoblins
  5 quokkas
  11 ball pythons
  5 bats
  4 frilled lizards
  9 goblins
  13 kobolds
  7 rats
310 creatures vanquished.

Vanquished Creatures (collateral kills)
  4 hydras
  2 thrashing horrors (Lair:5)
  2 skysharks (Lair:4)
  A large abomination (Lair:5)
  A bog body (Lair:2)
  A lindwurm (Lair:5)
  2 ugly things (Lair:5)
  An orc sorcerer (Orc:2)
  9 elephants
  A torpor snail (Lair:2)
  8 cane toads
  3 komodo dragons
  A troll (shapeshifter) (Lair:5)
  2 trolls (D:11)
  A polar bear (Lair:2)
  3 raiju (Lair:5)
  8 blink frogs
  A slime creature (Lair:4)
  3 dream sheep (Lair:2)
  2 spriggans (Lair:5)
  3 ynoxinuls (Lair:5)
  37 yaks
  4 basilisks (Lair:5)
  2 wyverns
  A chaos spawn (Lair:5)
  8 small abominations (Lair:5)
  2 water moccasins
  4 orc warriors (Orc:2)
  A black bear (D:4)
  10 wolves
  2 kobold brigands (D:10)
  2 gnoll sergeants (D:9)
  4 bullfrogs
  6 orc priests
  2 jellies (Lair:4)
  4 orc wizards
  7 gnolls (D:9)
  A ribbon worm (Lair:3)
  15 orcs
  2 giant cockroaches (Lair:3)
  8 kobolds (D:10)
  A frilled lizard (D:1)
  A rat (D:2)
183 creatures vanquished.

Vanquished Creatures (others)
  An anaconda (Lair:5)
  A fire crab (Lair:5)
  An anaconda zombie (Lair:5)
  An orc knight (Orc:2)
  A deep elf pyromancer (D:11)
  2 ugly thing zombies (Lair:5)
  Maurice (Orc:2)
  A manticore (Lair:5)
  2 torpor snails (Lair:5)
  4 cane toads
  A komodo dragon (Lair:5)
  An unseen horror zombie (D:11)
  A black mamba zombie (Lair:1)
  A warg (Orc:2)
  A skyshark zombie (Lair:4)
  6 cane toad zombies
  A two-headed ogre zombie (Orc:2)
  A water moccasin (Lair:5)
  4 elephant zombies
  5 orc warriors (Orc:2)
  3 blink frog zombies
  A torpor snail zombie (Lair:5)
  2 komodo dragon zombies
  2 kobold zombies (Orc:2)
  A warg zombie (Orc:2)
  A fire crab zombie (Lair:5)
  A bullfrog (Lair:5)
  5 water moccasin zombies
  2 troll zombies
  14 yak zombies
  A raiju zombie (Lair:5)
  3 wolf zombies (Lair:2)
  A centaur zombie (D:9)
  5 bullfrog zombies
  A basilisk zombie (Lair:5)
  A scorpion zombie (Lair:3)
  A howler monkey zombie (D:10)
  6 gnoll zombies (D:10)
  An orc (Orc:2)
  2 giant cockroach zombies (Lair:3)
  31 orc zombies
122 creatures vanquished.

Grand Total: 615 creatures vanquished

Notes
Turn   | Place    | Note
-------+----------+-------------------------------------------
     0 | D:1      | stipulation the Vine Stalker Necromancer began the quest
                  | for the Orb.
     0 | D:1      | Reached XP level 1. HP: 9/9 MP: 4/4
   482 | D:1      | Reached XP level 2. HP: 13/13 MP: 1/6
  1046 | D:2      | Found Garutel's Antique Weapon Emporium.
  1185 | D:2      | Reached XP level 3. HP: 16/16 MP: 1/8
  2414 | D:3      | Reached XP level 4. HP: 21/21 MP: 7/10
  2770 | D:3      | Reached skill level 5 in Necromancy
  2789 | D:3      | Reached XP level 5. HP: 24/24 MP: 8/12
  2921 | D:3      | Found a shimmering blue altar of Sif Muna.
  2928 | D:3      | Found an ornate altar of the Wu Jian Council.
  2929 | D:3      | Found a shadowy altar of Dithmenos.
  2998 | D:3      | Learned a level 3 spell: Vampiric Draining
  3003 | D:3      | Learned a level 4 spell: Animate Dead
  3491 | D:4      | Reached XP level 6. HP: 22/28 MP: 2/13
  3644 | D:4      | Found a staircase to the Ecumenical Temple.
  3672 | Temple   | Entered the Ecumenical Temple
  3686 | Temple   | Became a worshipper of Kikubaaqudgha
  3721 | D:4      | Noticed a black bear
  3745 | D:4      | Killed a black bear
  3746 | D:4      | Reached skill level 6 in Necromancy
  3777 | D:4      | Reached skill level 5 in Spellcasting
  4369 | D:4      | Identified a scroll of acquirement
  4370 | D:4      | Acquired a book of Death
  4377 | D:5      | Entered Level 5 of the Dungeon
  4396 | D:5      | Noticed an ice beast
  4405 | D:5      | Killed an ice beast
  4406 | D:5      | Reached XP level 7. HP: 32/32 MP: 5/16
  4910 | D:5      | Reached skill level 7 in Necromancy
  4914 | D:5      | Reached * piety under Kikubaaqudgha
  4914 | D:5      | Received a gift from Kikubaaqudgha
  5093 | D:5      | Noticed a two-headed ogre
  5313 | D:4      | Gained mutation: You have razor-sharp teeth. [Vine Stalker
                  | growth]
  5313 | D:4      | Reached XP level 8. HP: 36/36 MP: 1/18
  5651 | D:5      | Learned a level 2 spell: Sublimation of Blood
  5767 | D:5      | Killed a two-headed ogre
  5768 | D:5      | Reached skill level 8 in Necromancy
  6462 | D:6      | Reached XP level 9. HP: 39/39 MP: 15/22
  6567 | D:6      | Reached skill level 9 in Necromancy
  7216 | D:7      | Reached skill level 1 in Evocations
  7688 | D:7      | Noticed Menkaure
  8519 | D:7      | Killed Menkaure
  8635 | D:8      | Found a runed translucent gate.
  8636 | D:8      | Found a runed translucent gate.
  8637 | D:8      | Found a runed translucent gate.
  8653 | D:8      | Noticed jestert79's ghost (journeyman GnWn)
  8663 | D:8      | Reached skill level 10 in Necromancy
  8856 | D:8      | Found a hide-covered altar of Uskayaw.
  9072 | D:8      | Reached XP level 10. HP: 44/44 MP: 19/24
 10161 | D:9      | Reached skill level 10 in Spellcasting
 10253 | D:9      | Noticed a deep elf pyromancer
 10259 | D:9      | Killed a deep elf pyromancer
 10259 | D:9      | Reached ** piety under Kikubaaqudgha
 10260 | D:9      | Reached skill level 11 in Necromancy
 11692 | D:10     | Entered Level 10 of the Dungeon
 11945 | D:10     | Found a staircase to the Lair.
 12018 | D:10     | Learned a level 4 spell: Anguish
 12025 | D:10     | Learned a level 6 spell: Death Channel
 12204 | D:10     | Reached *** piety under Kikubaaqudgha
 12204 | D:10     | Received a gift from Kikubaaqudgha
 12205 | D:10     | Reached skill level 1 in Fighting
 12205 | D:10     | Reached skill level 1 in Short Blades
 12275 | D:10     | Reached skill level 12 in Necromancy
 12586 | D:10     | Reached XP level 11. HP: 49/49 MP: 21/26
 12736 | D:10     | Found a bloodstained altar of Trog.
 12737 | D:10     | Found an opulent altar of Gozag.
 12748 | D:10     | Learned a level 4 spell: Dispel Undead
 12780 | D:11     | Noticed a boulder beetle
 12833 | D:11     | HP: 2/49 [troll (5)]
 13366 | D:10     | Learned a level 4 spell: Martyr's Knell
 13430 | Lair:1   | Entered Level 1 of the Lair of Beasts
 13505 | Lair:1   | Reached skill level 1 in Summonings
 13702 | Lair:1   | Reached skill level 1 in Hexes
 13792 | Lair:1   | Reached skill level 5 in Evocations
 14970 | Lair:2   | Reached skill level 13 in Necromancy
 14983 | Lair:2   | Reached XP level 12. HP: 52/54 MP: 4/28
 15711 | Lair:2   | Found a staircase to the Swamp.
 16404 | Lair:2   | Reached **** piety under Kikubaaqudgha
 16499 | Lair:2   | Learned a level 3 spell: Fugue of the Fallen
 16590 | Lair:3   | Identified the +6 battleaxe of Ashenzari's Anger {flame,
                  | Int+4 SInv}
 16890 | Lair:3   | Found a gate leading to a gauntlet.
 16901 | Gauntlet | Entered a Gauntlet
 16901 | Gauntlet | Found a transporter.
 16910 | Gauntlet | Found a transporter.
 16925 | Gauntlet | Found a transporter.
 16930 | Gauntlet | Found a transporter.
 16945 | Gauntlet | Found a transporter.
 16960 | Gauntlet | Noticed a death yak
 16960 | Gauntlet | Noticed a death yak
 16960 | Gauntlet | Noticed a death yak
 16960 | Gauntlet | Noticed a death yak
 16964 | Gauntlet | Found a transporter.
 16976 | Gauntlet | Found a transporter.
 16988 | Gauntlet | Found a transporter.
 16989 | Gauntlet | Found the +3 Mad Mage's Maulers {Infuse+∞ VampMP -Cast}
 16994 | Gauntlet | Found a transporter.
 16996 | Gauntlet | Found a transporter.
 17012 | Gauntlet | Noticed a catoblepas
 17013 | Gauntlet | Found a transporter.
 17025 | Gauntlet | Found a transporter.
 17027 | Gauntlet | Noticed a six-headed hydra
 17042 | Gauntlet | Found a transporter.
 17060 | Gauntlet | Found a transporter.
 17062 | Gauntlet | Found a transporter.
 17064 | Gauntlet | Found a runed translucent gate.
 17064 | Gauntlet | Found a runed translucent gate.
 17064 | Gauntlet | Found a runed translucent gate.
 17072 | Gauntlet | Found a large runed translucent door.
 17072 | Gauntlet | Found a large runed translucent door.
 17072 | Gauntlet | Found a large runed translucent door.
 17072 | Gauntlet | Found a large runed translucent door.
 17073 | Gauntlet | Found a large runed translucent door.
 17073 | Gauntlet | Found a large runed translucent door.
 17074 | Gauntlet | Found a large runed translucent door.
 17074 | Gauntlet | Found a large runed translucent door.
 17075 | Gauntlet | Found a large runed translucent door.
 17075 | Gauntlet | Found a large runed translucent door.
 17075 | Gauntlet | Found a runed translucent door.
 17075 | Gauntlet | Found a runed translucent door.
 17076 | Gauntlet | Found a large runed translucent door.
 17077 | Gauntlet | Found a large runed translucent door.
 17086 | Gauntlet | Found a large runed translucent door.
 17086 | Gauntlet | Found a large runed translucent door.
 17087 | Gauntlet | Found a large runed translucent door.
 17088 | Gauntlet | Found a large runed translucent door.
 17088 | Gauntlet | Found a transporter.
 17090 | Gauntlet | Found a transporter.
 17114 | Gauntlet | Found a transporter.
 17417 | Lair:3   | Found a hole to the Spider Nest.
 17614 | Lair:3   | Noticed a boulder beetle
 17630 | Lair:3   | Killed a boulder beetle
 17692 | Lair:3   | Reached skill level 14 in Necromancy
 17698 | Lair:3   | Noticed an eight-headed hydra
 17752 | Lair:3   | Reached XP level 13. HP: 58/58 MP: 5/30
 18019 | Lair:3   | Reached skill level 15 in Necromancy
 18708 | Lair:4   | Found a frozen archway.
 18766 | Lair:4   | Found a staircase to the Slime Pits.
 18768 | Lair:4   | Found a viscous altar of Jiyva.
 18942 | Lair:4   | Reached skill level 16 in Necromancy
 19891 | Lair:5   | Entered Level 5 of the Lair of Beasts
 20147 | Lair:5   | Reached ***** piety under Kikubaaqudgha
 20254 | Lair:5   | Reached XP level 14. HP: 31/63 MP: 11/32
 20319 | Lair:5   | Reached skill level 17 in Necromancy
 20416 | Lair:5   | Found a corrupted altar of Lugonu.
 20416 | Lair:5   | Found a one-way gate to the infinite horrors of the Abyss.
 20887 | Lair:5   | Identified the ring "Vorax" {Int+6 Slay+2}
 22765 | Lair:5   | Found a corrupted altar of Lugonu.
 22765 | Lair:5   | Found a one-way gate to the infinite horrors of the Abyss.
 23049 | D:11     | Found a staircase to the Orcish Mines.
 23514 | Orc:1    | Entered Level 1 of the Orcish Mines
 23601 | Orc:2    | Entered Level 2 of the Orcish Mines
 23701 | Orc:2    | Noticed Maurice
 23716 | Orc:2    | Killed Maurice
 23717 | Orc:2    | Reached skill level 5 in Short Blades
 23745 | Orc:2    | Found a staircase to the Elven Halls.
 23860 | Orc:2    | HP: 2/63 [orc warrior/+0 mace (11)]
 24165 | Orc:2    | Noticed an orc warlord
 24166 | Orc:2    | Mangled by a two-headed ogre

Illustrated notes

Levels and vault maps discovered:
D:1:      lightli_arrival_maybe_door_vault, layout_loops_ring,
          chequers_serial_rivers_large_b, hangedman_decor_slide_cut,
          grunt_decor_fettered
D:2:      layout_loops_cross, serial_shops, nicolae_shop_window_shopping
D:3:      layout_basic, grunt_temple_overflow_open, minmay_misc_feat_diagonals,
          st_stairs_13, kennysheep_generic_room_2
D:4:      layout_gridville, minmay_temple_entry_arrows, roderic_serpentine_path,
          minmay_box_of_dots
D:5:      layout_cave_pools, serial_bayou_pond_d, nicolae_zig_zag_zippers
D:6:      layout_rooms
D:7:      layout_loops_ring, kennysheep_generic_room_14, uniq_menkaure
D:8:      layout_cave_pools, mainiacjoe_overflow_24_doors,
          gammafunk_ghost_spectres, minmay_misc_feat_tiny,
          kennysheep_decorative_pillar
D:9:      layout_grid_maze
D:10:     layout_roguey, minitemple, lair_entry_dummy
D:11:     layout_long_grid, orc_0_dummy
Temple:   lightli_temple_of_artemis
Lair:1:   statuecave_lemuel, layout_long_grid, nicolae_quartered_pool_impasse,
          minivault_23, grunt_megastairs_5
Lair:2:   layout_small_grid, skrybe_swamp_entry_bodies,
          nicolae_volcano_entry_s_turn, nicolae_lair_lil_pond,
          grunt_megastairs_4
Lair:3:   layout_regular_city, nicolae_spider_entry_non_spiders,
          gauntlet_entry_generic, beast_lair_carwin_5
Lair:4:   beargit_carnivore_pack, layout_regular_city,
          minmay_slime_entry_pillars, portal_ice_cave_entry_pillars_2
Lair:5:   hellmonk_lair_end_abyssal_woods, layout_regular_city,
          serial_bayou_shore_a, grunt_megastairs_2, serial_bayou_shore_b,
          lemuel_fruit_tree
Orc:1:    layout_diamond_mine, hangedman_minor_magic
Orc:2:    grunt_orc_cross, layout_caves, uniq_maurice

Skill      XL: |  1  2  3  4  5  6  7  8  9 10 11 12 13 14 |
---------------+-------------------------------------------+-----
Spellcasting   | 3 4 5 6 8 9 10 11 12 13 14 | 14.4
Necromancy     | 5 6 7 8 10 12 13 14 16 17 | 17.9
Evocations     | 3 4 5 6 |  6.0
Fighting       | 1 2 |  2.0
Short Blades   | 1 3 4 5 |  5.1
Summonings     | 2 4 |  4.0
Hexes          | 2 4 |  4.0
Dodging        | 3 |  3.2
Stealth        | |  2.4

Action                     |  1- 3 |  4- 6 |  7- 9 | 10-12 | 13-15 || total
---------------------------+-------+-------+-------+-------+-------++-------
  Melee: Unarmed           |     5 |       |       |       |       ||     5
         Bite              |     5 |     7 |    47 |   153 |   115 ||   327
         Short sword       |     5 |    34 |   198 |     8 |       ||   245
         Punch             |       |       |     2 |     6 |     5 ||    13
         Dagger            |       |       |       |   392 |   298 ||   690
   Cast: Necrotise         |    83 |    87 |   120 |    90 |    18 ||   398
         Vampiric Draining |       |     2 |    42 |    90 |    48 ||   182
         Animate Dead      |       |       |       |    23 |     9 ||    32
         Dispel Undead     |       |       |       |     4 |       ||     4
         Martyr's Knell    |       |       |       |    10 |    43 ||    53
         Death Channel     |       |       |       |     1 |    19 ||    20
         Anguish           |       |       |       |       |     2 ||     2
 Invoke: Unearth Wretches  |       |       |       |     3 |     7 ||    10
  Evoke: Wand              |       |       |     1 |     5 |     2 ||     8
         Phantom mirror    |       |       |       |     1 |       ||     1
    Use: Scroll            |       |     3 |     2 |    15 |     5 ||    25
         Potion            |       |       |     2 |     1 |     5 ||     8
   Stab: Sleeping          |       |       |     1 |     2 |       ||     3
         Distracted        |       |       |       |     2 |     8 ||    10
         Paralysed         |       |       |       |     5 |     9 ||    14
 Armour: Robe              |    18 |    20 |   308 |   383 |   282 ||  1011
  Dodge: Dodged            |    20 |    31 |   297 |   383 |   388 ||  1119
